Description

Taken directly from icey veins because I wanted to throw it into SALT.

Current times are total guesses, I'll get back to you on that one.

Build Order

Get SALT Encoding   

  14  0:24  Supply Depot Part of wall, rally 1st worker made  
  16  0:48  Refinery, Barracks Barracks #1, on wall  
  17  1:00  Action Worker scout to check 2nd nexus  
  19  1:24  Orbital Command, Reaper  
  20  1:36  Command Center  
  21  1:48  Barracks Reactor, Barracks Racks #2, keep away from wall to hide, Build on racks #1  
  22  2:00  Supply Depot Complete wall  
  23  2:12  Refinery  
  24  2:24  Factory, Marine Begin constant marine production  
  26  2:48  Barracks Tech Lab On racks #2  
  31  3:24  Stimpack  
  35  3:48  Factory Reactor, Starport Next to factory, start as soon as factory finishes  
  40  4:30  Supply Depot Depots ommitted from here, build as needed  
  43  4:45  Engineering Bay  
  46  5:10  Action Swap starport onto factory reactor  
  49  5:30  Medivac x2  
  54  6:00  Terran Infantry Weapons Level 1  
  56  6:15  Factory Tech Lab  
  57  6:20  Refinery  
  61  6:40  Action Medivacs complete, lift 15-16 marines and move out ~4:45  
Spawning Tool Build Advisor. Get it on Overwolf

Analysis

See link for discussion

Go to:

Details

  • Created by: scrangobango
  • Published on: Jan 15, 2022
  • Modified on: Jan 15, 2022
  • Patch: 4.11.0
  • Difficulty: Medium
Show
View Real Time Build Order
Export as new Build Order

Comments (0)

There are no comments. Be the first!

Create an account to comment!